TOP OF THE 1ST |
New Hampshire Fisher Cats batting - Pitching for Northwest Arkansas Naturals : LHP Ken Milhouse
|
Pitching: LHP Ken Milhouse
|
|
Batting: RHB Tokuji Kawabata
|
0-0: Ball 1-0: Foul Ball, location: 2F 1-1: Ball 2-1: Called Strike 2-2: Ball 3-2: Base on Balls
|
Batting: RHB Stephen Casteel
|
0-0: Called Strike Tokuji Kawabata steals 2nd base 0-1: SINGLE (Line Drive, 8RS, EV 103.1 MPH) Tokuji Kawabata to third
|
Batting: SHB Gregg Whitecotton
|
0-0: Ball 1-0: Ball 2-0: Ground out 5-3 (Groundball, 56S, EV 68.8 MPH) Tokuji Kawabata scores Stephen Casteel to second
|
Batting: RHB Raul de la Cruz
|
0-0: Ball 1-0: Fly out, F9 (Line Drive, 9S, EV 91.2 MPH)
|
Batting: SHB Bryan Johnston
|
0-0: Ball 1-0: Ball 2-0: Ball 3-0: Foul Ball, location: 2F 3-1: Base on Balls
|
Batting: LHB Gabe Pace
|
0-0: Ball 1-0: Ball 2-0: Called Strike 2-1: Ball 3-1: Base on Balls Stephen Casteel to third Bryan Johnston to second
|
Batting: RHB Marcos Villalobos
|
0-0: Called Strike 0-1: Foul Ball, location: 2F 0-2: Foul Ball, location: 2F 0-2: Ball 1-2: Fly out, F8 (Flyball, 89M, EV 82.5 MPH)
|
Top of the 1st over - 1 run, 1 hit, 0 errors, 3 left on base; New Hampshire 1 - Northwest Arkansas 0 |
BOTTOM OF THE 1ST |
Northwest Arkansas Naturals batting - Pitching for New Hampshire Fisher Cats : RHP Josh Weinmann
|
Pitching: RHP Josh Weinmann
|
|
Batting: RHB Chad Sullivan
|
0-0: Swinging Strike 0-1: Ground out 2-3 (Groundball, 15S, EV 70.0 MPH)
|
Batting: RHB Edwin Ramos
|
0-0: Called Strike 0-1: Ball 1-1: Foul Ball, location: 2F 1-2: Foul Ball, location: 2F 1-2: Ball 2-2: Ground out 6-3 (Groundball, 6, EV 103.1 MPH)
|
Batting: RHB Phil Hamby
|
0-0: Ball 1-0: Foul Ball, location: 2F 1-1: Ground out 4-3 (Groundball, 4MD, EV 100.0 MPH)
|
Bottom of the 1st over - 0 runs, 0 hits, 0 errors, 0 left on base; New Hampshire 1 - Northwest Arkansas 0 |
TOP OF THE 2ND |
New Hampshire Fisher Cats batting - Pitching for Northwest Arkansas Naturals : LHP Ken Milhouse
|
Batting: LHB Kurt Estep
|
0-0: Ground out U3 (Groundball, 3L, EV 106.2 MPH)
|
Batting: RHB Kirk Seiffert
|
0-0: Ball 1-0: SINGLE (Groundball, 25, EV 62.5 MPH) (infield hit)
|
Batting: RHB Tokuji Kawabata
|
0-0: Ball Kirk Seiffert is caught stealing 2nd base 2-4 1-0: Ball 2-0: Called Strike 2-1: Ball 3-1: Base on Balls
|
Batting: RHB Stephen Casteel
|
0-0: Ball 1-0: Foul Ball, location: 2F 1-1: Fielders Choice at 2nd, U4 (Groundball, 4M, EV 80.0 MPH)
|
Top of the 2nd over - 0 runs, 1 hit, 0 errors, 1 left on base; New Hampshire 1 - Northwest Arkansas 0 |
BOTTOM OF THE 2ND |
Northwest Arkansas Naturals batting - Pitching for New Hampshire Fisher Cats : RHP Josh Weinmann
|
Batting: RHB Carlos Almada
|
0-0: Foul Ball, location: 2F 0-1: Ground out 5-3 (Groundball, 56, EV 90.0 MPH)
|
Batting: RHB Nate De Jongh
|
0-0: Ball 1-0: Called Strike 1-1: Foul Ball, location: 2F 1-2: Ball 2-2: Ground out 3-1 (Groundball, 34S, EV 85.6 MPH)
|
Batting: RHB Jon Griffin
|
0-0: Foul Ball, location: 2F 0-1: Ball 1-1: Ball 2-1: Foul Ball, location: 2F 2-2: Ball 3-2: Strikes out swinging
|
Bottom of the 2nd over - 0 runs, 0 hits, 0 errors, 0 left on base; New Hampshire 1 - Northwest Arkansas 0 |
TOP OF THE 3RD |
New Hampshire Fisher Cats batting - Pitching for Northwest Arkansas Naturals : LHP Ken Milhouse
|
Batting: SHB Gregg Whitecotton
|
0-0: Ball 1-0: Foul Ball, location: 2F 1-1: Ball 2-1: Ball 3-1: Base on Balls
|
Batting: RHB Raul de la Cruz
|
0-0: Swinging Strike 0-1: Ball 1-1: SINGLE (Flyball, 3D, EV 81.9 MPH) Gregg Whitecotton to second
|
Batting: SHB Bryan Johnston
|
0-0: Foul Ball, location: 2F 0-1: Ball 1-1: Ball 2-1: Grounds into double play, 5-4-3 (Groundball, 5, EV 108.8 MPH) Gregg Whitecotton to third
|
Batting: LHB Gabe Pace
|
0-0: SINGLE (Line Drive, 78S, EV 90.0 MPH) Gregg Whitecotton scores
|
Batting: RHB Marcos Villalobos
|
0-0: Called Strike 0-1: Swinging Strike 0-2: Ball 1-2: Ball 2-2: Ball 3-2: Foul Ball, location: 2F 3-2: Strikes out swinging
|
Top of the 3rd over - 1 run, 2 hits, 0 errors, 1 left on base; New Hampshire 2 - Northwest Arkansas 0 |
BOTTOM OF THE 3RD |
Northwest Arkansas Naturals batting - Pitching for New Hampshire Fisher Cats : RHP Josh Weinmann
|
Batting: RHB Kevin Allen
|
0-0: Ball 1-0: Swinging Strike 1-1: Ball 2-1: Called Strike 2-2: Strikes out swinging
|
Batting: RHB Mike Bearden
|
0-0: Called Strike 0-1: Ball 1-1: SINGLE (Groundball, 56D, EV 105.0 MPH)
|
Batting: RHB Vance Coen
|
0-0: Swinging Strike 0-1: Ball 1-1: Foul Ball, location: 2F 1-2: Foul Ball, location: 2F 1-2: Foul Ball, location: 2F 1-2: Ball 2-2: Foul Ball, location: 2F 2-2: Foul Ball, location: 2F 2-2: Fly out, F7 (Flyball, 78M, EV 90.0 MPH)
|
Batting: RHB Chad Sullivan
|
0-0: Called Strike 0-1: Called Strike 0-2: Fielders Choice at 2nd, 6-4 (Groundball, 6D, EV 110.6 MPH)
|
Bottom of the 3rd over - 0 runs, 1 hit, 0 errors, 1 left on base; New Hampshire 2 - Northwest Arkansas 0 |
TOP OF THE 4TH |
New Hampshire Fisher Cats batting - Pitching for Northwest Arkansas Naturals : LHP Ken Milhouse
|
Batting: LHB Kurt Estep
|
0-0: Fly out, F6 (Popup, 6MD, EV 54.4 MPH)
|
Batting: RHB Kirk Seiffert
|
0-0: Called Strike 0-1: Ball 1-1: SINGLE (Groundball, 6M, EV 94.4 MPH)
|
Batting: RHB Tokuji Kawabata
|
0-0: Ball 1-0: Foul Ball, location: 2F 1-1: Called Strike 1-2: Ball 2-2: Foul Ball, location: 2F 2-2: Ball 3-2: Ground out 4-3 (Groundball, 4, EV 91.2 MPH) Kirk Seiffert to second
|
Batting: RHB Stephen Casteel
|
0-0: Ball 1-0: Ball 2-0: Ball 3-0: Called Strike 3-1: Ground out 3-1 (Groundball, 34, EV 85.6 MPH)
|
Top of the 4th over - 0 runs, 1 hit, 0 errors, 1 left on base; New Hampshire 2 - Northwest Arkansas 0 |
BOTTOM OF THE 4TH |
Northwest Arkansas Naturals batting - Pitching for New Hampshire Fisher Cats : RHP Josh Weinmann
|
Batting: RHB Edwin Ramos
|
0-0: Ball 1-0: Ball 2-0: Called Strike 2-1: Foul Ball, location: 2F 2-2: Foul Ball, location: 2F 2-2: Foul Ball, location: 2F 2-2: Strikes out looking
|
Batting: RHB Phil Hamby
|
0-0: Called Strike 0-1: Ball 1-1: Swinging Strike 1-2: Ball 2-2: SINGLE (Groundball, 4MD, EV 100.0 MPH) (infield hit)
|
Batting: RHB Carlos Almada
|
0-0: Fly out, F1 (Line Drive, P, EV 71.2 MPH) Lined into DP, 1-3 (Line Drive, P, EV 66.9 MPH)
|
Bottom of the 4th over - 0 runs, 1 hit, 0 errors, 0 left on base; New Hampshire 2 - Northwest Arkansas 0 |
TOP OF THE 5TH |
New Hampshire Fisher Cats batting - Pitching for Northwest Arkansas Naturals : LHP Ken Milhouse
|
Batting: SHB Gregg Whitecotton
|
0-0: Called Strike 0-1: Foul Ball, location: 2F 0-2: Ball 1-2: Strikes out swinging
|
Batting: RHB Raul de la Cruz
|
0-0: SINGLE (Groundball, 23, EV 65.0 MPH) (infield hit)
|
Batting: SHB Bryan Johnston
|
0-0: Ball 1-0: Swinging Strike 1-1: Foul Ball, location: 2F 1-2: Strikes out looking
|
Batting: LHB Gabe Pace
|
0-0: Called Strike 0-1: Called Strike Raul de la Cruz steals 2nd base 0-2: Ball 1-2: Ground out U3 (Groundball, 3, EV 93.8 MPH)
|
Top of the 5th over - 0 runs, 1 hit, 0 errors, 1 left on base; New Hampshire 2 - Northwest Arkansas 0 |
BOTTOM OF THE 5TH |
Northwest Arkansas Naturals batting - Pitching for New Hampshire Fisher Cats : RHP Josh Weinmann
|
Batting: RHB Nate De Jongh
|
0-0: Ball 1-0: DOUBLE (Flyball, 8LXD, EV 103.1 MPH)
|
Batting: RHB Jon Griffin
|
0-0: Called Strike 0-1: Foul Ball, location: 2F 0-2: Ball 1-2: Foul Ball, location: 2F 1-2: Ball 2-2: Foul Ball, location: 2F 2-2: Foul Ball, location: 2F 2-2: Strikes out looking
|
Batting: RHB Kevin Allen
|
0-0: Called Strike 0-1: Swinging Strike 0-2: Strikes out swinging
|
Batting: RHB Mike Bearden
|
0-0: Swinging Strike 0-1: Ground out 4-3 (Groundball, 4, EV 106.2 MPH)
|
Bottom of the 5th over - 0 runs, 1 hit, 0 errors, 1 left on base; New Hampshire 2 - Northwest Arkansas 0 |
TOP OF THE 6TH |
New Hampshire Fisher Cats batting - Pitching for Northwest Arkansas Naturals : LHP Ken Milhouse
|
Batting: RHB Marcos Villalobos
|
0-0: Ball 1-0: Ball 2-0: Called Strike 2-1: Ball 3-1: Foul Ball, location: 2F 3-2: Fly out, F6 (Line Drive, 6, EV 63.8 MPH)
|
Pitching: RHP Josh Rutledge
|
|
Batting: LHB Kurt Estep
|
0-0: Ball 1-0: DOUBLE (Line Drive, 8LXD, EV 105.0 MPH)
|
Batting: RHB Kirk Seiffert
|
0-0: Called Strike 0-1: Ball 1-1: Foul Ball, location: 2F 1-2: Foul Ball, location: 2F 1-2: Fly out, F5 (Popup, 5SF, EV 77.5 MPH)
|
Batting: RHB Tokuji Kawabata
|
0-0: Called Strike 0-1: Foul Ball, location: 2F 0-2: Foul Ball, location: 2F 0-2: Ball 1-2: Strikes out swinging
|
Top of the 6th over - 0 runs, 1 hit, 0 errors, 1 left on base; New Hampshire 2 - Northwest Arkansas 0 |
BOTTOM OF THE 6TH |
Northwest Arkansas Naturals batting - Pitching for New Hampshire Fisher Cats : RHP Josh Weinmann
|
Batting: RHB Vance Coen
|
0-0: Ball 1-0: Ball 2-0: Ball 3-0: Called Strike 3-1: Called Strike 3-2: Strikes out swinging
|
Batting: RHB Chad Sullivan
|
0-0: Ball 1-0: Fly out, F8 (Flyball, 78M, EV 94.4 MPH)
|
Batting: RHB Edwin Ramos
|
0-0: Ball 1-0: SINGLE (Groundball, 6M, EV 104.4 MPH) (infield hit)
|
Batting: RHB Phil Hamby
|
0-0: Ball 1-0: Called Strike 1-1: Swinging Strike 1-2: Fielders Choice at 2nd, 6-4 (Groundball, 6, EV 83.1 MPH)
|
Bottom of the 6th over - 0 runs, 1 hit, 0 errors, 1 left on base; New Hampshire 2 - Northwest Arkansas 0 |
TOP OF THE 7TH |
New Hampshire Fisher Cats batting - Pitching for Northwest Arkansas Naturals : RHP Josh Rutledge
|
Pitching: RHP John Barnett
|
|
Batting: RHB Stephen Casteel
|
0-0: DOUBLE (Line Drive, 9LM, EV 90.6 MPH)
|
Batting: SHB Gregg Whitecotton
|
0-0: Foul Ball, location: 2F 0-1: Fly out, F8 (Line Drive, 8RM, EV 86.9 MPH)
|
Batting: RHB Raul de la Cruz
|
0-0: Called Strike Stephen Casteel steals 3rd, throwing error, E2 Stephen Casteel scores 0-1: Ball 1-1: Ball 2-1: Called Strike 2-2: Foul Ball, location: 2F 2-2: Foul Ball, location: 2F 2-2: Foul Ball, location: 2F 2-2: Ball 3-2: SINGLE (Flyball, 3D, EV 91.2 MPH)
|
Batting: SHB Bryan Johnston
|
0-0: Ball Raul de la Cruz steals 2nd base 1-0: Ball 2-0: Ball 3-0: Called Strike 3-1: Base on Balls
|
Batting: LHB Gabe Pace
|
0-0: Foul Ball, location: 2F 0-1: Ball 1-1: Ball 2-1: Fielders Choice at 2nd, 4-6 (Groundball, 4, EV 104.4 MPH) Raul de la Cruz to third
|
Batting: RHB Marcos Villalobos
|
0-0: SINGLE (Line Drive, 4D, EV 98.8 MPH) Raul de la Cruz scores Gabe Pace to second Runner from 2nd tries for 3rd, SAFE, throw by RF made to third
|
Batting: LHB Kurt Estep
|
0-0: Called Strike 0-1: Swinging Strike 0-2: Ground out 4-3 (Groundball, 4S, EV 63.1 MPH)
|
Top of the 7th over - 2 runs, 3 hits, 1 error, 2 left on base; New Hampshire 4 - Northwest Arkansas 0 |
BOTTOM OF THE 7TH |
Northwest Arkansas Naturals batting - Pitching for New Hampshire Fisher Cats : RHP Josh Weinmann
|
Batting: RHB Carlos Almada
|
0-0: Ball 1-0: Ball 2-0: Called Strike 2-1: Reached on error, E1 (Groundball, 13S, EV 66.9 MPH)
|
Batting: RHB Nate De Jongh
|
0-0: Called Strike 0-1: Ball 1-1: Called Strike 1-2: Strikes out looking
|
Batting: RHB Jon Griffin
|
0-0: Ground out 6-3 (Groundball, 56, EV 106.2 MPH)
|
Batting: RHB Kevin Allen
|
0-0: Called Strike 0-1: Called Strike 0-2: Strikes out looking
|
Bottom of the 7th over - 0 runs, 0 hits, 1 error, 1 left on base; New Hampshire 4 - Northwest Arkansas 0 |
TOP OF THE 8TH |
New Hampshire Fisher Cats batting - Pitching for Northwest Arkansas Naturals : RHP John Barnett
|
Pitching: RHP Malachi Shelton
|
|
Batting: RHB Kirk Seiffert
|
0-0: Called Strike 0-1: Ball 1-1: Foul Ball, location: 2F 1-2: Fly out, F8 (Flyball, 8LS, EV 90.6 MPH)
|
Batting: RHB Tokuji Kawabata
|
0-0: Ball 1-0: Ball 2-0: Called Strike 2-1: Swinging Strike 2-2: Strikes out swinging
|
Batting: RHB Stephen Casteel
|
0-0: Ball 1-0: SINGLE (Groundball, 6MD, EV 95.6 MPH)
|
Batting: SHB Gregg Whitecotton
|
0-0: Ball Stephen Casteel steals 2nd base 1-0: Swinging Strike 1-1: Swinging Strike 1-2: Ball 2-2: Foul Ball, location: 2F 2-2: Fly out, F8 (Flyball, 8LM, EV 85.6 MPH)
|
Top of the 8th over - 0 runs, 1 hit, 0 errors, 1 left on base; New Hampshire 4 - Northwest Arkansas 0 |
BOTTOM OF THE 8TH |
Northwest Arkansas Naturals batting - Pitching for New Hampshire Fisher Cats : RHP Josh Weinmann
|
Batting: RHB Mike Bearden
|
0-0: Foul Ball, location: 2F 0-1: Swinging Strike 0-2: Foul Ball, location: 2F 0-2: Strikes out looking
|
Batting: RHB Vance Coen
|
0-0: Called Strike 0-1: Called Strike 0-2: Ball 1-2: Ball 2-2: Foul Ball, location: 2F 2-2: DOUBLE (Flyball, 78D, EV 94.4 MPH)
|
Batting: RHB Chad Sullivan
|
0-0: Ball 1-0: Ball 2-0: Ball 3-0: Called Strike 3-1: Swinging Strike 3-2: Strikes out swinging
|
Batting: RHB Edwin Ramos
|
0-0: Called Strike 0-1: Ball 1-1: Ball 2-1: Swinging Strike 2-2: Foul Ball, location: 2F 2-2: Foul Ball, location: 2F 2-2: Fly out, F7 (Flyball, 7D, EV 98.8 MPH)
|
Bottom of the 8th over - 0 runs, 1 hit, 0 errors, 1 left on base; New Hampshire 4 - Northwest Arkansas 0 |
TOP OF THE 9TH |
New Hampshire Fisher Cats batting - Pitching for Northwest Arkansas Naturals : RHP Malachi Shelton
|
Batting: RHB Raul de la Cruz
|
0-0: SINGLE (Line Drive, 7LS, EV 93.1 MPH)
|
Batting: SHB Bryan Johnston
|
0-0: Foul Ball, location: 2F 0-1: Ball 1-1: Foul Ball, location: 2F 1-2: Fly out, F5 (Line Drive, 5, EV 70.0 MPH)
|
Batting: LHB Gabe Pace
|
0-0: Ball 1-0: Ball 2-0: Ball 3-0: Called Strike 3-1: Base on Balls Raul de la Cruz to second
|
Batting: RHB Marcos Villalobos
|
0-0: Ball Raul de la Cruz steals 3rd base 1-0: Called Strike 1-1: Foul Ball, location: 2F 1-2: Ball 2-2: Ball 3-2: Base on Balls Gabe Pace to second
|
Batting: LHB Kurt Estep
|
0-0: Fly out, F9 (Flyball, 9S, EV 88.1 MPH)
|
Batting: RHB Kirk Seiffert
|
0-0: Ground out 3-1 (Groundball, 34, EV 101.9 MPH)
|
Top of the 9th over - 0 runs, 1 hit, 0 errors, 3 left on base; New Hampshire 4 - Northwest Arkansas 0 |
BOTTOM OF THE 9TH |
Northwest Arkansas Naturals batting - Pitching for New Hampshire Fisher Cats : RHP Josh Weinmann
|
Batting: RHB Phil Hamby
|
0-0: Swinging Strike 0-1: Ball 1-1: Ball 2-1: Foul Ball, location: 2F 2-2: Ground out 6-3 (Groundball, 6, EV 81.9 MPH)
|
Batting: RHB Carlos Almada
|
0-0: Ball 1-0: Swinging Strike 1-1: Foul Ball, location: 2F 1-2: Foul Ball, location: 2F 1-2: Fly out, F3 (Popup, 3L, EV 63.8 MPH)
|
Batting: RHB Nate De Jongh
|
0-0: Ball 1-0: Called Strike 1-1: Ball 2-1: Ball 3-1: SINGLE (Line Drive, 6D, EV 110.6 MPH)
|
Pitching: LHP Mitchel Larson
|
|
Batting: RHB Jon Griffin
|
0-0: DOUBLE (Line Drive, 3D, EV 98.8 MPH) Nate De Jongh to third
|
Pitching: LHP Nick Burnstein
|
|
Batting: RHB Kevin Allen
|
0-0: Called Strike 0-1: Called Strike 0-2: Ball Wild Pitch! Nate De Jongh scores Jon Griffin to third 1-2: Ball 2-2: Strikes out swinging
|
Bottom of the 9th over - 1 run, 2 hits, 0 errors, 1 left on base; New Hampshire 4 - Northwest Arkansas 1 |
|